 Dungeon Crawl Stone Soup version 0.30-a0-121-gb27577e5d9 (webtiles) character file.

Game seed: 2152550887520046983

57 Newt the Trooper (level 3, -7/29 HPs)
             Began as a Demonspawn Gladiator on Sept 14, 2022.
             Killed from afar by a white imp (9 damage)
             ... with a puff of frost
             ... summoned by Natasha
             ... on level 2 of the Dungeon.
             The game lasted 00:01:10 (1883 turns).

Newt the Trooper (Demonspawn Gladiator)             Turns: 1883, Time: 00:01:12

Health: -7/29      AC:  4    Str: 16    XL:     3   Next: 73%
Magic:  3/3        EV: 11    Int:  9    God:
Gold:   67         SH:  5    Dex: 14    Spells: 2/2 levels left

rFire   . . .      SeeInvis .    a - +0 rapier
rCold   . . .      Faith    .    f - +2 buckler
rNeg    . . .      Spirit   .    b - +0 leather armour
rPois   .          Reflect  .    c - +0 helmet
rElec   .          Harm     .    (no cloak)
rCorr   .          Rampage  .    (no gloves)
Will    .....                    (no boots)
Stlth   ++........               (no amulet)
HPRegen 0.09/turn                (no ring)
MPRegen 0.08/turn                (no ring)

@: no status effects
A: ignite blood 1, demonic magic 1
a: no special abilities


You were on level 2 of the Dungeon.
You visited 1 branch of the dungeon, and saw 2 of its levels.

You collected 67 gold pieces.

Inventory:

Hand Weapons
 a - a +0 rapier (weapon)
Missiles
 d - a throwing net (quivered)
Armour
 b - a +0 leather armour (worn)
 c - a +0 helmet (worn)
 f - a +2 buckler (worn)
 j - a +0 tower shield
Jewellery
 h - a +6 ring of intelligence
Scrolls
 g - a scroll of immolation
 i - a scroll of identify
 k - a scroll of fog {unknown}
 l - a scroll of enchant weapon {unknown}


   Skills:
 + Level 3.4 Fighting
 - Level 2.6 Short Blades
 - Level 1.7 Throwing
 - Level 2.6 Dodging
 - Level 2.0 Stealth


You had 2 spell levels left.
You didn't know any spells.
Your spell library contained the following spells:

 Spells                   Type           Power      Damage    Failure   Level
 Portal Projectile        Hex/Tloc       0%         N/A       90%         3
 Tukima's Dance           Hex            0%         N/A       90%         3
 Blade Hands              Tmut           0%         N/A       100%        5


Dungeon Overview and Level Annotations

Branches:
Dungeon (2/15)

Altars:

Annotations:
D:2 Natasha


Innate Abilities, Weirdness & Mutations

Your demonic aura sometimes causes spilled blood to erupt in flames.
Spells you cast may paralyse adjacent enemies.


Message History

You throw a throwing net. The throwing net misses Natasha.
The throwing net hits the crimson imp.
The crimson imp is caught in the net!
The crimson imp is moderately wounded.
The crimson imp struggles against the net.
Natasha casts a spell at you. The magic dart hits you.
* * * LOW HITPOINT WARNING * * *
The white imp gestures at you. The puff of frost hits you.
* * * LOW HITPOINT WARNING * * *
You aren't carrying any potions.
You aren't carrying any potions.
You aren't carrying any potions.
You aren't carrying any potions.
Throw: 2 throwing nets
Press: ? - help, Q - select action Shift-Dir - straight line, f/p - Natasha
Aim: Natasha (lightly wounded, 51% to hit)
You throw a throwing net. The throwing net hits Natasha.
Natasha is caught in the net!
Natasha is lightly wounded.
The crimson imp struggles against the net.
Natasha struggles against the net. x2; The crimson imp blinks!
You block the white imp's attack.
You hit Natasha.
Natasha is moderately wounded.
Natasha mumbles some strange words.
Natasha struggles against the net.
The white imp barely misses you.
You hit Natasha.
Natasha is moderately wounded.
You feel yourself speed up. The white imp closely misses you.
Natasha struggles against the net. x2
The white imp closely misses you.
The crimson imp blinks!
You barely miss Natasha.
Natasha is moderately wounded.
Natasha struggles against the net.
The net rips apart, and Natasha comes free!
The white imp gestures at you. The puff of frost hits you!
You die...

.............#
....####.†...##....>...(
....# ###...##....§....
....#######..##......>..
#........##..##.........
#...#....###.##....()...
#...#....# #.##........(
##..##...# #.##55h.....#
#..####.###.##.@......#
###..........##........#
.###......)..........###
..####.......#.#######
#..# ####....#.# #..##
####.#.# #...# ###...#.#
#...# ##.....#.#
....###......#..


You could see Natasha and 2 white imps.

Vanquished Creatures
  Natasha (D:2)
  An adder (D:2)
  3 ball pythons
  3 endoplasms
  A giant cockroach (D:1)
  A hobgoblin (D:1)
  2 jackals (D:1)
  A kobold (D:2)
  4 bats
  A frilled lizard (D:2)
  A goblin (D:2)
  4 rats (D:1)
23 creatures vanquished.

Notes
Turn   | Place    | Note
-------+----------+-------------------------------------------
     0 | D:1      | Newt the Demonspawn Gladiator began the quest for the Orb.
     0 | D:1      | Reached XP level 1. HP: 16/16 MP: 1/1
   288 | D:1      | Reached skill level 1 in Stealth
   579 | D:1      | Gained mutation: Your demonic aura sometimes causes spilled
                  | blood to erupt in flames. [demonic ancestry]
   579 | D:1      | Reached XP level 2. HP: 22/22 MP: 2/2
  1475 | D:2      | Noticed Natasha
  1480 | D:2      | Killed Natasha
  1481 | D:2      | Reached skill level 3 in Fighting
  1481 | D:2      | Gained mutation: Spells you cast may paralyse adjacent
                  | enemies. [demonic ancestry]
  1481 | D:2      | Reached XP level 3. HP: 29/29 MP: 3/3
  1864 | D:2      | Noticed Natasha
  1879 | D:2      | HP: 1/29 [white imp/puff of frost[Natasha] (1)]
  1883 | D:2      | Killed from afar by a white imp

Illustrated notes

Levels and vault maps discovered:
D:1:      dpeg_arrival_more_subterranean_lakeside_camping, layout_basic,
          nicolae_eternal_life, nrook_loot_triangle
D:2:      minmay_recursive_quarters, layout_basic,
          shapermc_ecumenical_altar_venn, uniq_natasha

Skill      XL: |  1  2 |
---------------+-------+-----
Stealth        | 1 2 |  2.0
Fighting       | 3 |  3.4
Short Blades   | |  2.6
Throwing       | |  1.7
Dodging        | |  2.6

Action                   || total
-------------------------++-------
Melee: Rapier            ||    73
Throw: Throwing net      ||     2
       Javelin           ||     1
  Use: Scroll            ||     2
 Stab: Sleeping          ||     3
Armor: Leather armour    ||    31
Dodge: Dodged            ||    52
Block: Tower shield      ||    13
       Buckler           ||     9

Table legend: (Time is in decaauts)
 A = Elapsed time spent in this place.
 B = Non-inter-level travel time spent in this place.
 C = Inter-level travel time spent in this place.
 D = Time resting spent in this place.
 E = Time spent auto-exploring this place.
 F = Levels seen in this place.
 G = Mean time per level.
                   A        B        C        D        E       F      G
               +--------+--------+--------+--------+--------+-----+--------+
         Total |   1904 |   1821 |     83 |    262 |   1339 |   2 |  952.0 |
       Dungeon |   1904 |   1821 |     83 |    262 |   1339 |   2 |  952.0 |
               +--------+--------+--------+--------+--------+-----+--------+

Top non-repeatable levels by time:
     D:1: 1089 daAuts
     D:2: 814 daAuts
